 Dungeon Crawl Stone Soup version 0.31.0-11-ge490571c62 (webtiles) character file.

Game seed: 15919872044302852065

773 raph the Firebug (level 7, -1/36 HPs)
             Began as a Deep Elf Fire Elementalist on Jan 26, 2024.
             Shot with an arrow by a centaur (15 damage)
             ... on level 5 of the Dungeon.
             The game lasted 00:08:02 (6252 turns).

raph the Firebug (Deep Elf Fire Elementalist)       Turns: 6252, Time: 00:08:03

Health: -1/36      AC:  4    Str:  5    XL:     7   Next: 53%
Magic:  13/17      EV: 12    Int: 28    God:
Gold:   244        SH:  0    Dex: 15    Spells: 4/17 levels left

rFire   + . .        h - +5 dagger "Ybein" {speed, rF+}
rCold   . . .        (no shield)
rNeg    + . .        a - +0 robe
rPois   .            i - +0 helmet
rElec   .            v - +0 cloak
rCorr   .            (no gloves)
SInv    .            (no boots)
Will    .....        (no amulet)
Stlth   ++           o - ring of positive energy
HPRegen 0.26/turn    t - +6 ring of intelligence
MPRegen 0.15/turn

%: no passive effects
@: no status effects
A: no striking features
a: no special abilities


You were on level 5 of the Dungeon.
You visited 1 branch of the dungeon, and saw 5 of its levels.

You collected 244 gold pieces.

Inventory:

Hand Weapons
 d - a +0 dagger
 e - a +0 long sword
 h - the +5 dagger "Ybein" (weapon) {speed, rF+}
   (You found it on level 2 of the Dungeon)

   rF+:       It protects you from fire.
 k - a +1 spectral quarterstaff
Armour
 a - a +0 robe (worn)
 i - a +0 helmet (worn)
 v - a +0 cloak (worn)
Jewellery
 o - a ring of positive energy (left hand)
 t - a +6 ring of intelligence (right hand)
Wands
 u - a wand of charming (14)
Scrolls
 f - 2 scrolls of torment
 j - 4 scrolls of identify
 p - a scroll of amnesia
 q - a scroll of poison
 r - a scroll of blinking
 w - 2 scrolls of enchant armour {unknown}
Potions
 b - 2 potions of magic
 c - 2 potions of mutation
 g - a potion of resistance
 l - a potion of might
 m - a potion of ambrosia
 n - 3 potions of curing
 s - a potion of brilliance
 x - a potion of berserk rage {unknown}


   Skills:
 - Level 2.4 Dodging
 - Level 2.4 Stealth
 + Level 5.7 Spellcasting
 * Level 5.8 Conjurations
 * Level 6.7 Fire Magic


You had 4 spell levels left.
You knew the following spells:

 Your Spells              Type           Power      Damage    Failure   Level
a - Foxfire               Conj/Fire      100%       2x1d9     1%          1
b - Scorch                Fire           90%        2d8       1%          2
c - Inner Flame           Hex/Fire       26%        N/A       4%          3
d - Dazzling Flash        Conj/Hex       48%        N/A       5%          3
e - Flame Wave            Conj/Fire      43%        2d11      4%          4

Your spell library contained the following spells:

 Spells                   Type           Power      Damage    Failure   Level
 Kiss of Death            Conj/Necr      96%        2d12      1%          1
 Volatile Blastmotes      Fire/Tloc      52%        2d14      4%          3
 Mephitic Cloud           Conj/Alch/Air  18%        N/A       9%          3
 Call Canine Familiar     Summ           7%         N/A       19%         3
 Confusing Touch          Hex            7%         N/A       19%         3
 Sigil of Binding         Hex            7%         N/A       19%         3
 Animate Armour           Summ/Erth      14%        N/A       52%         4
 Dimensional Bullseye     Hex/Tloc       3%         N/A       52%         4
 Dispel Undead            Necr           7%         3d8       52%         4
 Summon Lightning Spire   Summ/Air       7%         N/A       52%         4
 Curse of Agony           Necr           7%         N/A       86%         5
 Lee's Rapid Deconstruct  Erth           3%         3d5*      86%         5
 Silence                  Hex/Air        3%         N/A       86%         5
 Sculpt Simulacrum        Ice/Alch       3%         N/A       100%        6
 Ozocubu's Refrigeration  Ice            3%         4d8       100%        7
 Polar Vortex             Ice            3%         N/A       100%        9


Dungeon Overview and Level Annotations

Branches:
Dungeon (5/15)
 Temple: D:4-7

Altars:
Cheibriados
Makhleb
Wu Jian

Shops:
D:4 (

Annotations:
D:1 1 runed translucent door
D:4 2 runed translucent doors, yokelz's ghost, amateur TeCj


Message History

Casting: Scorch (safe; 1% risk of failure)
Confirm with . or Enter, or press ? or * to list all spells.
You conjure some foxfire!
Casting: Foxfire (safe; 1% risk of failure)
Confirm with . or Enter, or press ? or * to list all spells.
You conjure some foxfire!
The foxfire hits the phantom.
The phantom is lightly damaged.
The foxfire hits the phantom!
The phantom is heavily damaged.
Casting: Foxfire (safe; 1% risk of failure)
Confirm with . or Enter, or press ? or * to list all spells.
You conjure some foxfire!
The foxfire hits the phantom.
The phantom is severely damaged.
Casting: Foxfire (safe; 1% risk of failure)
Confirm with . or Enter, or press ? or * to list all spells.
You conjure some foxfire!
The foxfire hits the phantom.
The phantom is severely damaged.
The foxfire hits the phantom.
The phantom is severely damaged.
The foxfire hits the phantom.
The phantom is almost destroyed.
A centaur comes into view. It is wielding a +0 club.
You hit the phantom.
The phantom is almost destroyed.
The foxfire hits the phantom.
You destroy the phantom!
The centaur unwields a +0 club.
The centaur wields a +0 orcbow.
The centaur shoots an arrow.
The arrow hits you!
Casting: Foxfire (safe; 1% risk of failure)
Confirm with . or Enter, or press ? or * to list all spells.
You conjure some foxfire!
The foxfire hits the centaur.
The centaur is lightly wounded.
The centaur shoots an arrow.
The arrow hits you!
Your foxfire dissipates!
The foxfire hits the centaur.
The centaur is lightly wounded.
There is a stone staircase leading down here.
The centaur shoots an arrow.
The arrow hits you.
The centaur shoots an arrow.
The arrow hits you!
You die...

.# #.# ..# #.# #..# #.#
##..# #.## .....## #..#
.......####..##
.........@#...#######.
......................
...........##...###.. #
...c......###.#.#[# #.#
..........###...#.#.. ##
.............###...###.. .
...........#.#.#.#.#[#.#..
.............##.#(#.##..
..........###..#.#.#..###


You could see a centaur.

Vanquished Creatures
  2 ogres
  A centaur (D:4)
  2 phantoms
  A scorpion (D:5)
  A howler monkey (D:4)
  Crazy Yiuf (D:5)
  Jessica (D:2)
  An iguana (D:5)
  An orc wizard (D:4)
  3 gnolls (D:3)
  6 adders
  A shadow imp (D:5)
  An ufetubus (D:5)
  2 dart slugs
  3 ribbon worms
  5 orcs
  7 ball pythons
  5 endoplasms
  7 giant cockroaches
  9 goblins
  6 hobgoblins
  6 jackals (D:2)
  4 kobolds
  2 quokkas
  3 bats
  2 frilled lizards
  4 rats
87 creatures vanquished.

Vanquished Creatures (others)
  214 foxfires
214 creatures vanquished.

Grand Total: 301 creatures vanquished

Notes
Turn   | Place    | Note
-------+----------+-------------------------------------------
     0 | D:1      | raph the Deep Elf Fire Elementalist began the quest for the
                  | Orb.
     0 | D:1      | Reached XP level 1. HP: 10/10 MP: 6/6
     2 | D:1      | Found a runed translucent door.
   277 | D:1      | Reached XP level 2. HP: 15/15 MP: 6/8
   280 | D:1      | Learned a level 2 spell: Scorch
   965 | D:2      | Reached XP level 3. HP: 18/19 MP: 4/9
  1213 | D:2      | Learned a level 3 spell: Inner Flame
  1223 | D:2      | Noticed Jessica
  1230 | D:2      | Killed Jessica
  1231 | D:2      | Reached skill level 4 in Fire Magic
  1322 | D:2      | Reached XP level 4. HP: 24/24 MP: 8/11
  1329 | D:2      | Learned a level 3 spell: Dazzling Flash
  2366 | D:2      | Identified the +5 dagger "Ybein" {speed, rF+}
  2612 | D:2      | Found a snail-covered altar of Cheibriados.
  3017 | D:3      | Found an ornate altar of the Wu Jian Council.
  3600 | D:3      | Found a faded altar of an unknown god.
  4001 | D:3      | You fall into a shaft and drop 1 floor!
  4069 | D:3      | Reached XP level 5. HP: 28/28 MP: 7/13
  4569 | D:4      | Noticed a centaur
  4579 | D:4      | Killed a centaur
  4580 | D:4      | Reached skill level 5 in Fire Magic
  4751 | D:4      | Reached XP level 6. HP: 32/32 MP: 10/14
  4768 | D:4      | Learned a level 4 spell: Flame Wave
  4885 | D:4      | Found Wepa's Weapon Boutique.
  4899 | D:4      | Found a runed translucent door.
  5070 | D:4      | Found a runed translucent door.
  5071 | D:4      | Noticed yokelz's ghost (amateur TeCj)
  5087 | D:4      | Found a burning altar of Makhleb.
  5472 | D:4      | Reached skill level 5 in Spellcasting
  5472 | D:4      | Reached skill level 5 in Conjurations
  5472 | D:4      | Reached skill level 6 in Fire Magic
  5720 | D:5      | Entered Level 5 of the Dungeon
  5725 | D:5      | Reached XP level 7. HP: 36/36 MP: 7/16
  5829 | D:5      | Found a runed translucent door.
  5830 | D:5      | Noticed Crazy Yiuf
  5836 | D:5      | Killed Crazy Yiuf
  6252 | D:5      | Shot with an arrow by a centaur

Illustrated notes

Levels and vault maps discovered:
D:1:      dpeg_arrival_caged_fury, layout_loops_ring
D:2:      layout_basic, basic_altar, minmay_quantized, uniq_jessica
D:3:      minmay_inner_zag, layout_basic, mainiacjoe_overflow_alcove_1,
          shapermc_ecumenical_altar_pompeii, dreamdust_princess_bridge
D:4:      layout_gridville, bloody_makhleb, serial_shops,
          nicolae_shop_bloodbath_and_beyond, ebering_ghost_sewer_f
D:5:      layout_layer_cave, minmay_starry_boxes, uniq_crazy_yiuf_cottage

Skill      XL: |  1  2  3  4  5  6 |
---------------+-------------------+-----
Conjurations   | 2 3 4 5 |  5.8
Fire Magic     | 4 5 6 |  6.7
Spellcasting   | 4 5 |  5.7
Dodging        | |  2.4
Stealth        | |  2.4

Action                     |  1- 3 |  4- 6 |  7- 9 || total
---------------------------+-------+-------+-------++-------
  Melee: Long sword        |     1 |       |       ||     1
         Quarterstaff      |     8 |       |       ||     8
         Dagger            |       |    10 |     1 ||    11
   Cast: Foxfire           |    23 |    82 |    25 ||   130
         Scorch            |    10 |    26 |     6 ||    42
         Flame Wave        |       |     2 |     1 ||     3
         Inner Flame       |       |     2 |       ||     2
    Use: Scroll            |       |    12 |     1 ||    13
   Stab: Sleeping          |     2 |       |       ||     2
 Armour: Robe              |     8 |    22 |     6 ||    36
  Dodge: Dodged            |    10 |    26 |     1 ||    37
